 Dungeon Crawl Stone Soup version 0.22.1-2-g9c5b331 (webtiles) character file.

531 gruber the Charmwright (level 7, -1/56 HPs)
             Began as a Gnoll Skald on Dec 1, 2018.
             Killed from afar by an orc wizard (8 damage)
             ... with a puff of flame
             ... on level 4 of the Dungeon.
             The game lasted 00:07:02 (2722 turns).

gruber the Charmwright (Gnoll Skald)                Turns: 2722, Time: 00:07:03

Health: -1/56      AC:  3    Str: 15 (16) XL:     7   Next: 24%
Magic:  11/15      EV: 18    Int: 19      God:
Gold:   114        SH:  0    Dex: 15 (16) Spells: 8/17 levels left

rFire    . . .     SeeInvis .   a - +0 spear
rCold    . . .     Gourm    .   (no shield)
rNeg     . . .     Faith    .   b - +0 leather armour
rPois    .         Spirit   .   (no helmet)
rElec    .         Reflect  .   (no cloak)
rCorr    .         Harm     .   (no gloves)
MR       .....                  (no boots)
Stlth    ++........             (no amulet)
HPRegen  0.18/turn              e - +4 ring of evasion
MPRegen  0.14/turn              q - +2 ring of intelligence

@: no status effects
A: distributed training, fangs 1, agile 1, deterioration 1, strong 1, strong
nose
a: no special abilities


You were on level 4 of the Dungeon.
You were not hungry.

You visited 1 branch of the dungeon, and saw 4 of its levels.

You collected 134 gold pieces.
You spent 20 gold pieces at shops.

Inventory:

Hand Weapons
 a - a +0 spear (weapon)
 c - a +0 whip of holy wrath
 s - a +0 dagger of venom
 t - a +0 shortbow
Missiles
 u - 20 arrows
Armour
 b - a +0 leather armour (worn)
 p - a +0 shield
Jewellery
 e - a +4 ring of evasion (left hand)
 q - a +2 ring of intelligence (right hand)
Scrolls
 f - 4 scrolls of remove curse {unknown}
 g - 3 scrolls of identify
 h - 4 scrolls of magic mapping {unknown}
 l - a scroll of enchant armour {unknown}
 n - a scroll of teleportation
Comestibles
 d - 6 rations


   Skills:
 + Level 5.1 Fighting
 + Level 2.3 Short Blades
 + Level 2.3 Long Blades
 + Level 2.3 Axes
 + Level 2.3 Maces & Flails
 + Level 5.1 Polearms
 + Level 2.3 Staves
 + Level 2.3 Slings
 + Level 2.3 Bows
 + Level 2.3 Crossbows
 + Level 2.3 Throwing
 + Level 3.5 Armour
 + Level 5.1 Dodging
 + Level 2.3 Stealth
 + Level 2.3 Shields
 + Level 2.3 Unarmed Combat
 + Level 5.5 Spellcasting
 + Level 1.9 Conjurations
 + Level 1.9 Hexes
 + Level 5.8 Charms
 + Level 1.9 Summonings
 + Level 1.9 Necromancy
 + Level 1.9 Translocations
 + Level 1.9 Transmutations
 + Level 1.9 Fire Magic
 + Level 1.9 Ice Magic
 + Level 1.9 Air Magic
 + Level 1.9 Earth Magic
 + Level 1.9 Poison Magic
 + Level 2.5 Invocations
 + Level 2.3 Evocations


You had 8 spell levels left.
You knew the following spells:

 Your Spells              Type           Power        Failure   Level  Hunger
a - Infusion              Chrm           ####         1%          1    None
b - Shroud of Golubria    Chrm/Tloc      ###.......   4%          2    None
c - Regeneration          Chrm/Necr      ###.......   9%          3    ##.....
d - Spectral Weapon       Hex/Chrm       ###.....     9%          3    ##.....

Your spell library contained the following spells:

 Spells                   Type           Power        Failure   Level  Hunger
 Song of Slaying          Chrm           ####....     1%          2    None


Dungeon Overview and Level Annotations

Branches:
Dungeon (4/15)
 Temple: D:4-7

Altars:
Dithmenos
Ru
Sif Muna

Shops:
D:4 *%

Annotations:
D:3 2 transporters, empire's ghost, amateur MiFi


Innate Abilities, Weirdness & Mutations

Your experience applies equally to all skills.
You have very sharp teeth.
Your uncanny sense of smell can sniff out nearby items.
You are agile. (Dex +2)
Your body sometimes deteriorates upon taking damage.
Your muscles are strong. (Str +2)


Message History

The orc wizard casts a spell at you. The puff of flame hits you!
* * * LOW HITPOINT WARNING * * *
Attack whom?
Press: ? - help, Dir - move target cursor, f/p - orc priest
Aim: an orc priest, wielding a hand axe (almost dead)
You hit the orc priest.
You kill the orc priest!
The orc wizard hits you but does no damage.
The orc wizard looks encouraged for a moment.
Unknown command.
Attack whom?
Press: ? - help, Dir - move target cursor, f - orc wizard
Aim: an orc wizard, wielding a dagger and wearing an embroidered robe (heavily You hit the orc wizard.
The orc wizard is almost dead.
Your spectral weapon hits the orc wizard but does no damage.
The orc wizard points at you and mumbles some strange words.
The puff of flame hits you!
You die...

#.. .... #.# ## #
... #.# #.§§#§.# ##
#####.##§#§#§#.# .
#.∩...§§§§_§§§.#.#
#..##.##§#§#.#.#.#
#.###...#§§)#)...##
#.# ####(#§#......#
#.# #@o§§.....##
#.######)o....(...#
#..............#.##
########.....#.#.#
#######.# . .# ##
.# .# .#


You could see 2 orc wizards and a friendly spectral spear.

Vanquished Creatures
  Sigmund (D:4)
  A centaur (D:3)
  A hound (D:3)
  2 orc priests (D:4)
  2 orc wizards (D:4)
  A worker ant (D:4)
  3 gnolls (D:3)
  2 adders
  4 oozes
  2 worms (D:3)
  2 leopard geckos
  10 orcs
  A ball python (D:2)
  6 bats
  3 giant cockroaches
  3 goblins
  4 hobgoblins
  2 jackals (D:3)
  7 frilled lizards
  A jackal skeleton (D:4)
  3 kobolds (D:1)
  4 rats
65 creatures vanquished.

Vanquished Creatures (others)
  2 spectral weapons (D:4)
2 creatures vanquished.

Grand Total: 67 creatures vanquished

Notes
Turn   | Place    | Note
-------+----------+-------------------------------------------
     0 | D:1      | gruber the Gnoll Skald began the quest for the Orb.
     0 | D:1      | Reached XP level 1. HP: 20/20 MP: 6/6
    59 | D:1      | Reached XP level 2. HP: 25/26 MP: 4/7
   413 | D:1      | Reached skill level 5 in Spellcasting
   413 | D:1      | Reached XP level 3. HP: 28/31 MP: 7/9
   417 | D:1      | Learned a level 2 spell: Shroud of Golubria
   421 | D:1      | Learned a level 3 spell: Regeneration
   425 | D:1      | Learned a level 3 spell: Spectral Weapon
   968 | D:2      | Reached skill level 1 in Invocations
  1199 | D:2      | Found a sacrificial altar of Ru.
  1514 | D:3      | Reached skill level 1 in Short Blades
  1514 | D:3      | Reached skill level 1 in Long Blades
  1514 | D:3      | Reached skill level 1 in Axes
  1514 | D:3      | Reached skill level 1 in Maces & Flails
  1514 | D:3      | Reached skill level 1 in Staves
  1514 | D:3      | Reached skill level 1 in Slings
  1514 | D:3      | Reached skill level 1 in Bows
  1514 | D:3      | Reached skill level 1 in Crossbows
  1514 | D:3      | Reached skill level 1 in Throwing
  1514 | D:3      | Reached skill level 1 in Stealth
  1514 | D:3      | Reached skill level 1 in Shields
  1514 | D:3      | Reached skill level 1 in Unarmed Combat
  1514 | D:3      | Reached skill level 1 in Evocations
  1537 | D:3      | Found a transporter.
  1540 | D:3      | Found a transporter.
  1540 | D:3      | Noticed empire's ghost (amateur MiFi)
  1565 | D:3      | Reached XP level 4. HP: 38/38 MP: 11/11
  1690 | D:3      | Reached skill level 1 in Conjurations
  1690 | D:3      | Reached skill level 1 in Hexes
  1690 | D:3      | Reached skill level 1 in Summonings
  1690 | D:3      | Reached skill level 1 in Necromancy
  1690 | D:3      | Reached skill level 1 in Translocations
  1690 | D:3      | Reached skill level 1 in Transmutations
  1690 | D:3      | Reached skill level 1 in Fire Magic
  1690 | D:3      | Reached skill level 1 in Ice Magic
  1690 | D:3      | Reached skill level 1 in Air Magic
  1690 | D:3      | Reached skill level 1 in Earth Magic
  1690 | D:3      | Reached skill level 1 in Poison Magic
  1817 | D:3      | Reached XP level 5. HP: 43/43 MP: 8/12
  2028 | D:3      | Noticed a centaur
  2039 | D:3      | Killed a centaur
  2039 | D:3      | Reached XP level 6. HP: 38/50 MP: 9/13
  2218 | D:4      | Found Qyboim's Food Emporium.
  2257 | D:4      | Found a deep blue altar of Sif Muna.
  2283 | D:4      | Noticed Sigmund
  2297 | D:4      | Killed Sigmund
  2297 | D:4      | Reached skill level 5 in Fighting
  2297 | D:4      | Reached skill level 5 in Polearms
  2297 | D:4      | Reached skill level 5 in Dodging
  2375 | D:4      | Gained mutation: Your body sometimes deteriorates upon
                  | taking damage. [potion of mutation]
  2375 | D:4      | Gained mutation: Your muscles are strong. (Str +2) [potion
                  | of mutation]
  2375 | D:4      | Gained mutation: You are agile. (Dex +2) [potion of
                  | mutation]
  2388 | D:4      | Found a shadowy altar of Dithmenos.
  2398 | D:4      | Reached XP level 7. HP: 9/56 MP: 9/15
  2450 | D:4      | Found Todghaeny's General Store.
  2693 | D:4      | Bought a scroll of identify for 20 gold pieces
  2722 | D:4      | Killed from afar by an orc wizard

Skill      XL: |  1  2  3  4  5  6 |
---------------+-------------------+-----
Spellcasting   | 5 |  5.5
Invocations    | 1 2 |  2.5
Short Blades   | 1 2 |  2.3
Long Blades    | 1 2 |  2.3
Axes           | 1 2 |  2.3
Maces & Flails | 1 2 |  2.3
Staves         | 1 2 |  2.3
Slings         | 1 2 |  2.3
Bows           | 1 2 |  2.3
Crossbows      | 1 2 |  2.3
Throwing       | 1 2 |  2.3
Stealth        | 1 2 |  2.3
Shields        | 1 2 |  2.3
Unarmed Combat | 1 2 |  2.3
Evocations     | 1 2 |  2.3
Conjurations   | 1 |  1.9
Hexes          | 1 |  1.9
Summonings     | 1 |  1.9
Necromancy     | 1 |  1.9
Translocations | 1 |  1.9
Transmutations | 1 |  1.9
Fire Magic     | 1 |  1.9
Ice Magic      | 1 |  1.9
Air Magic      | 1 |  1.9
Earth Magic    | 1 |  1.9
Poison Magic   | 1 |  1.9
Armour         | 3 |  3.5
Fighting       | 5 |  5.1
Polearms       | 5 |  5.1
Dodging        | 5 |  5.1
Charms         | |  5.8

Action                   |  1- 3 |  4- 6 |  7- 9 || total
-------------------------+-------+-------+-------++-------
Melee: Whip              |    94 |       |       ||    94
       Spear             |    24 |   111 |    29 ||   164
       Bite              |    10 |     6 |     2 ||    18
       Punch             |       |     1 |       ||     1
 Cast: Infusion          |     2 |       |       ||     2
       Spectral Weapon   |     1 |    14 |     3 ||    18
       Regeneration      |       |     1 |     1 ||     2
  Use: Potion            |       |     6 |       ||     6
       Scroll            |       |     3 |       ||     3
 Stab: Sleeping          |     4 |     2 |       ||     6
       Distracted        |       |     1 |       ||     1
  Eat: Chunk             |     1 |     4 |       ||     5
       Ration            |       |       |     1 ||     1
Armor: Leather armour    |    21 |    12 |     1 ||    34
       Skin              |       |    24 |    11 ||    35
Dodge: Dodged            |   126 |    72 |    17 ||   215
